 Dungeon Crawl Stone Soup version 0.27-a0-1308-gc08437e49b (webtiles) character file.

Game seed: 8866824076650167738

158 senseless the Gusty (level 5, 0/28 HPs)
             Began as a Tengu Air Elementalist on June 18, 2021.
             Was an Initiate of the Shining One.
             Killed from afar by an orc wizard (10 damage)
             ... with a puff of flame
             ... on level 4 of the Dungeon.
             The game lasted 00:13:20 (3868 turns).

senseless the Gusty (Tengu Air Elementalist)        Turns: 3868, Time: 00:13:21

Health: 0/28       AC:  3    Str:  9    XL:     5   Next: 40%
Magic:  2/10       EV: 15    Int: 16    God:    the Shining One [......]
Gold:   83         SH:  0    Dex: 14    Spells: 6/9 levels left

rFire    . . .     SeeInvis .   i - +2 flail (holy)
rCold    . . .     Faith    .   (no shield)
rNeg     . . .     Spirit   .   a - +0 robe
rPois    .         Reflect  .   (helmet restricted)
rElec    .         Harm     .   b - +0 cloak
rCorr    .         Rampage  .   (no gloves)
Will     .....                  (boots unavailable)
Stlth    +.........             (no amulet)
HPRegen  0.09/turn              f - ring of wizardry
MPRegen  0.12/turn              (no ring)

@: flying quickly and evasively, glowing, quick
A: beak, talons 3, nimble flight
a: Renounce Religion


You were on level 4 of the Dungeon.
You worshipped the Shining One.
The Shining One was noncommittal.
You visited 1 branch of the dungeon, and saw 4 of its levels.

You collected 83 gold pieces.

Inventory:

Hand Weapons
 h - a +1 flail of protection
 i - a +2 flail of holy wrath (weapon)
Armour
 a - a +0 robe (worn)
 b - a +0 cloak (worn)
Jewellery
 f - a ring of wizardry (left hand)
Scrolls
 e - a scroll of identify
 k - a scroll of teleportation
Potions
 c - 2 potions of attraction
 g - a potion of resistance


   Skills:
 + Level 3.2 Dodging
 + Level 3.1 Stealth
 + Level 2.8 Spellcasting
 + Level 2.9 Conjurations
 + Level 5.2 Air Magic


You had 6 spell levels left.
You knew the following spells:

 Your Spells              Type           Power      Damage    Failure   Level
a - Shock                 Conj/Air       60%        1d6       1%          1
b - Static Discharge      Conj/Air       15%        N/A       2%          2

Your spell library contained the following spells:

 Spells                   Type           Power      Damage    Failure   Level
 Swiftness                Air            18%        N/A       2%          3
 Foxfire                  Conj/Fire      28%        2x1d5     4%          1
 Airstrike                Air            9%         N/A       9%          4
 Conjure Flame            Conj/Fire      7%         6-21      12%         3
 Inner Flame              Hex/Fire       2%         N/A       22%         3
 Lightning Bolt           Conj/Air       7%         1d20      36%         5
 Sticky Flame             Conj/Fire      7%         2d3       38%         4
 Fireball                 Conj/Fire      3%         3d4       71%         5


Dungeon Overview and Level Annotations

Branches:
Dungeon (4/15)
 Temple: D:4-7

Altars:
Hepliaklqana
Uskayaw
The Shining One


Innate Abilities, Weirdness & Mutations

You have a beak for a mouth.
You have claws for feet.
Your magical nature lets you fly swiftly and evasively.


Message History

The orc wizard shouts!
You hear a shout! x2
The zap hits the orc.
You kill the orc!
The zap hits the orc wizard.
The orc wizard is heavily wounded.
The zap hits the orc wizard.
The orc wizard is almost dead.
The zap misses the orc wizard.
The orc wizard hits you with a +0 dagger.
The zap hits the orc wizard.
You kill the orc wizard!
An orc wizard is nearby!
The zap misses the orc wizard.
The zap hits the orc wizard.
The orc wizard is lightly wounded.
The orc wizard shouts!
You hear a shout!
The orc wizard casts a spell at you. You resist with some effort.
The zap misses the orc wizard.
The zap hits the orc wizard.
The orc wizard is moderately wounded.
The zap hits the orc wizard.
The orc wizard is moderately wounded.
A hobgoblin comes into view. It is quivering poisoned darts.
You closely miss the orc wizard. Your kick misses the orc wizard.
The orc wizard is moderately wounded.
The orc wizard closely misses you.
An orc wizard comes into view. It is wielding a +0 dagger.
The orc wizard barely misses you.
The zap hits the orc wizard.
The orc wizard is heavily wounded.
The orc wizard hits you but does no damage.
You are electrocuted!
Ouch! That really hurt!
You barely miss the orc wizard.
The orc wizard is heavily wounded.
The orc wizard misses you.
You miss the orc wizard. You peck the orc wizard.
The orc wizard is severely wounded.
The orc wizard casts a spell at you. The puff of flame hits you!
You die...

##.....##.........
#......##.........
##......##.........
#..................
....<.............
#....o........... .
####.#.)....<..(.# ...
#.o...............
.....###@##.#.#####...###
......)).##...# ###....
.....######..## ##### ...
#### .


You could see 2 orc wizards.

Vanquished Creatures
  An orc wizard (D:4)
  3 gnolls (D:2)
  5 adders
  An ufetubus (D:2)
  2 dart slugs
  3 orcs
  3 endoplasms
  A giant cockroach (D:1)
  A goblin (D:1)
  4 hobgoblins
  4 jackals (D:2)
  A quokka (D:1)
  5 ball pythons
  2 bats (D:1)
  4 frilled lizards
  6 kobolds
  7 rats
53 creatures vanquished.

Notes
Turn   | Place    | Note
-------+----------+-------------------------------------------
     0 | D:1      | senseless the Tengu Air Elementalist began the quest for
                  | the Orb.
     0 | D:1      | Reached XP level 1. HP: 10/10 MP: 4/4
   198 | D:1      | Reached XP level 2. HP: 15/15 MP: 0/6
   276 | D:1      | Found a faded altar of an unknown god.
   357 | D:1      | Learned a level 2 spell: Static Discharge
  1134 | D:2      | Reached XP level 3. HP: 19/19 MP: 5/7
  1706 | D:2      | Reached XP level 4. HP: 24/24 MP: 0/8
  1928 | D:2      | Reached skill level 5 in Air Magic
  3050 | D:3      | Gained mutation: Your magical nature lets you fly swiftly
                  | and evasively. [Tengu growth]
  3050 | D:3      | Reached XP level 5. HP: 28/28 MP: 5/10
  3461 | D:3      | Found a glowing golden altar of the Shining One.
  3462 | D:3      | Found a hazy altar of Hepliaklqana.
  3463 | D:3      | Found a hide-covered altar of Uskayaw.
  3469 | D:3      | Became a worshipper of the Shining One
  3868 | D:4      | Killed from afar by an orc wizard

Illustrated notes

Levels and vault maps discovered:
D:1:      amcnicky_arrival_single_pillar, layout_rooms,
          ebering_ecumenical_altar_hall, minmay_misc_feat_diagonals,
          minivault_23
D:2:      layout_basic
D:3:      layout_basic, gammafunk_temple_overflow_claw, amethyst_killhole,
          minmay_box_of_dots
D:4:      layout_rooms, kennysheep_mini_moat, nemelex_dance_club_becter,
          amethyst_overflow_temple_binary, gammafunk_ghost_stat_death,
          uniq_duvessa

Skill      XL: |  1  2  3  4  5 |
---------------+----------------+-----
Conjurations   | 2 |  2.9
Air Magic      | 5 |  5.2
Dodging        | 3 |  3.2
Stealth        | 3 |  3.1
Spellcasting   | |  2.8

Action                   |  1- 3 |  4- 6 || total
-------------------------+-------+-------++-------
Melee: Unarmed           |     1 |       ||     1
       Flail             |     1 |     4 ||     5
       Peck              |       |     1 ||     1
 Cast: Shock             |    67 |    78 ||   145
  Use: Scroll            |     3 |     4 ||     7
Armor: Robe              |     3 |     2 ||     5
Dodge: Dodged            |    11 |    16 ||    27

Table legend: (Time is in decaauts)
 A = Elapsed time spent in this place.
 B = Non-inter-level travel time spent in this place.
 C = Inter-level travel time spent in this place.
 D = Time resting spent in this place.
 E = Time spent auto-exploring this place.
 F = Levels seen in this place.
 G = Mean time per level.
                   A        B        C        D        E       F      G
               +--------+--------+--------+--------+--------+-----+--------+
         Total |   3815 |   3718 |     97 |    525 |   2863 |   4 |  953.8 |
       Dungeon |   3815 |   3718 |     97 |    525 |   2863 |   4 |  953.8 |
               +--------+--------+--------+--------+--------+-----+--------+

Top non-repeatable levels by time:
     D:2: 1588 daAuts
     D:3: 1105 daAuts
     D:1: 973 daAuts
     D:4: 148 daAuts
